 Dungeon Crawl Stone Soup version 0.24-a0-346-ge062c78e24 (console) character file.

Game seed: 9689436665857996837

6347 Dragon00 the Cleaver (level 10, -4/115 HPs)
             Began as a Minotaur Berserker on May 20, 2019.
             Was an Elder of Trog.
             Slain by a death yak (13 damage)
             ... on level 9 of the Dungeon on May 22, 2019.
             The game lasted 01:04:54 (8070 turns).

Dragon00 the Cleaver (Minotaur Berserker)           Turns: 8070, Time: 01:04:55

Health: -4/115     AC: 18    Str: 22    XL:     10   Next: 65%
Magic:  9/9        EV: 12    Int:  4    God:    Trog [****..]
Gold:   342        SH:  0    Dex: 20    Spells: 9/9 levels left

rFire    . . .     SeeInvis .   a - +1 battleaxe (venom)
rCold    . . .     Gourm    .   (shield currently unavailable)
rNeg     . . .     Faith    .   i - +1 plate armour
rPois    .         Spirit   .   (helmet restricted)
rElec    .         Reflect  .   t - +2 cloak
rCorr    .         Harm     .   (no gloves)
MR       +....                  (no boots)
Stlth    ..........             I - amulet of Vitality {Regen+ HP+15}
HPRegen  0.69/turn              p - ring of protection from magic
MPRegen  0.11/turn              D - +5 ring of dexterity

@: berserk cooldown, slowed, very slow
A: retaliatory headbutt, claws 1, horns 2, agile 1, robust 1
a: Berserk, Trog's Hand, Brothers in Arms, Renounce Religion


You were on level 9 of the Dungeon.
You worshipped Trog.
Trog was greatly pleased with you.
You were near starving.

You visited 2 branches of the dungeon, and saw 10 of its levels.

You collected 342 gold pieces.

Inventory:

Hand Weapons
 a - a +1 battleaxe of venom (weapon)
 b - a +0 hunting sling
 y - a +1 mace of protection
Missiles
 j - 221 stones
 B - 17 sling bullets
 J - 4 boomerangs (quivered)
Armour
 i - a +1 plate armour (worn)
 t - a +2 cloak (worn)
Jewellery
 p - a ring of protection from magic (left claw)
 D - a +5 ring of dexterity (right claw)
 I - the amulet of Vitality (around neck) {Regen+ HP+15}
   (You found it on level 6 of the Dungeon)

   [amulet of regeneration]

   It affects your health (+15).
   It increases your rate of regeneration.
 K - an uncursed ring of resist corrosion
Wands
 l - a wand of flame (17)
 w - a wand of acid (11)
 z - a wand of disintegration (11)
 P - a wand of random effects (17)
Scrolls
 d - 4 scrolls of identify
 e - a scroll of teleportation
 f - 2 scrolls of enchant armour
 g - a scroll of fear
 k - 4 scrolls of remove curse
 s - 3 scrolls of fog
 A - a scroll of magic mapping
Potions
 m - a potion of invisibility
 o - 3 potions of heal wounds
 r - a potion of curing
 v - 2 potions of lignification
 C - 2 potions of brilliance
 G - 2 potions of flight
 H - 2 potions of might
Comestibles
 c - 16 rations


   Skills:
 + Level 9.5 Fighting
 * Level 12.5 Axes
 - Level 0.2 Throwing
 + Level 9.0 Armour
 + Level 8.1 Dodging


You had 9 spell levels left.
You didn't know any spells.
Your spell library was empty.

Dungeon Overview and Level Annotations

Branches:
Dungeon (9/15)             Temple (1/1) D:7            Lair (0/6) D:9
    Orc: D:9-12

Altars:
Ashenzari
Cheibriados
Dithmenos
Fedhas
Hepliaklqana
Kikubaaqudgha
Makhleb
Nemelex Xobeh
Okawaru
Qazlal
Ru
Sif Muna
Trog
Uskayaw
Vehumet
Wu Jian
Xom
Yredelemnul
Zin
The Shining One
Lugonu


Innate Abilities, Weirdness & Mutations

You reflexively headbutt those who attack you in melee.
You have a pair of horns on your head.
You have sharp fingernails.
You are agile. (Dex +2)
You are robust. (+10% HP)


Message History

The death yak closely misses you.
You slash the death yak!
The death yak looks as sick as possible!
You headbutt the death yak.
You kill the death yak!
Trog accepts your kill.
Your Armour skill increases to level 9!
Your Dodging skill increases to level 8!
You hit the death yak.
The death yak is poisoned.
The death yak is lightly wounded.
The death yak gores you!
* * * LOW HITPOINT WARNING * * *
The death yak gores you but does no damage.
Okay, then.
You barely miss the death yak.
The death yak is lightly wounded.
The death yak gores you!!
* * * LOW HITPOINT WARNING * * *
The death yak gores you!
You die...

▒··▒▒▒▒▒▒▒▒▒▒▒··▒·▒····▒·········
▒···▒▒···························
··▒·▒··▒▒▒▒▒▒·▒········>·········
······▒▒ ▒··▒·▒▒······[········
·▒▒·▒▒▒ ▒▒····▒▒····▓.▓··▒·····
·▒▒·▒ ▒···▒▒▒▒▒··....··▒·····
▒▒▒·▒ ▒···▒▓▓▓▓·.?...··▒····▒ ▒
▒·▒ ▒▒▒··▒▒▓..▓...Y..·····▒·▒ ▒
▒·▒▒ ▒····▒ ▓O..▓·..▓▓▒▒·····▒
▒▒▒··▒▒▒▒·▓.▒▒▒▓Y▓...▓..▓ ▒▒▒····
···········..·▒▓@▓▓▓....▓ ▒▒▒▒·
▒▒▒▒·▒▒▒▒·▒·▓.▓▓.▓▓▒▒▓..▓▓ ▒· ▒
▒···▒▒·▒·▓.....▓▓▓▓...▓ ▒▒· ▒▒
▒▒▒····▒·▓▓▓..........▓▓▓ ▒▒··
·▒▒▒·····▒▒<▒ ▓............▓▒▒···
▒▒_▒▒▒▒▒·▒··▒ ▓..........▓▓▓≈≈···
▒▒··▒▒ ▒·▒·▒▒ ▓.....<....▓▒▒≈··▒·
···▒·▒ ▒·▒·▒ ▓..........▓▒······
··▒··▒▒▒·▒·▒ ▓..........▓···▒·_·
·▒··▒▒▒····▒ ▓▓▓▓▓▓▓▓......·····
▒··▒▒ ▒····▒ ▒··......▓≈··▒·


You could see a death yak and a two-headed ogre.

Vanquished Creatures
  4 death yaks (D:9)
  Grinder (D:4)
  2 yaks (D:9)
  2 water moccasins
  An ice beast (D:7)
  A phantom (D:6)
  3 orc warriors
  5 ogres
  A necrophage (D:7)
  4 centaurs
  Blork the orc (D:4)
  2 bullfrogs
  4 scorpions
  A howler monkey (D:5)
  An electric eel (D:6)
  7 crimson imps
  2 bullfrog zombies
  3 hounds
  4 orc priests
  2 jellies (D:7)
  Crazy Yiuf (D:2)
  2 centaur skeletons
  A gnoll shaman (D:8)
  Ijyb (D:4)
  Natasha (thrice) (D:2)
  Terence (D:2)
  An iguana (D:4)
  4 orc wizards
  4 worker ants
  A hound zombie (D:5)
  A hound skeleton (D:7)
  7 adders
  12 gnolls
  A shadow imp (D:5)
  An ooze (D:1)
  An adder skeleton (D:4)
  2 worms
  A dart slug (D:1)
  2 leopard geckos
  28 orcs
  8 giant cockroaches
  11 goblins
  11 hobgoblins
  17 jackals
  A quokka (D:3)
  A ball python (D:3)
  10 bats
  6 frilled lizards
  A giant cockroach zombie (D:5)
  11 kobolds
  8 rats
211 creatures vanquished.

Notes
Turn   | Place    | Note
-------+----------+-------------------------------------------
     0 | D:1      | Dragon00 the Minotaur Berserker began the quest for the
                  | Orb.
     0 | D:1      | Reached XP level 1. HP: 19/19 MP: 0/0
    46 | D:1      | Reached skill level 4 in Axes
   244 | D:1      | Upgraded the game from 0.24-a0-335-g06ca16af6c to
                  | 0.24-a0-342-gad4687c37d
   251 | D:1      | Reached XP level 2. HP: 24/27 MP: 1/1
   415 | D:1      | Reached XP level 3. HP: 31/33 MP: 2/2
   939 | D:2      | Noticed Natasha
   950 | D:2      | Reached ** piety under Trog
   952 | D:2      | Killed Natasha
   956 | D:2      | Reached XP level 4. HP: 41/41 MP: 3/3
  1143 | D:2      | Reached skill level 5 in Axes
  1224 | D:2      | Noticed Terence
  1237 | D:2      | Killed Terence
  1604 | D:4      | Reached XP level 5. HP: 37/47 MP: 4/4
  1752 | D:4      | Noticed Ijyb
  1766 | D:4      | Gained mutation: You are weak. (Str -2) [potion of
                  | mutation]
  1766 | D:4      | Gained mutation: Armour fits poorly on your strangely
                  | shaped body. [potion of mutation]
  1766 | D:4      | Lost mutation: You are weak. (Str -2) [potion of mutation]
  1770 | D:4      | Killed Ijyb
  1993 | D:4      | Lost mutation: Armour fits poorly on your strangely shaped
                  | body. [potion of mutation]
  1993 | D:4      | Gained mutation: You are robust. (+10% HP) [potion of
                  | mutation]
  1993 | D:4      | Gained mutation: You have sharp fingernails. [potion of
                  | mutation]
  1993 | D:4      | Gained mutation: You are agile. (Dex +2) [potion of
                  | mutation]
  2048 | D:2      | Noticed Natasha
  2054 | D:2      | Killed Natasha
  2094 | D:2      | Noticed Natasha
  2102 | D:2      | Killed Natasha
  2102 | D:2      | Reached skill level 5 in Fighting
  2102 | D:2      | Reached skill level 6 in Axes
  2105 | D:2      | Found a deep blue altar of Sif Muna.
  2105 | D:2      | Found a snail-covered altar of Cheibriados.
  2110 | D:2      | Found a stormy altar of Qazlal.
  2110 | D:2      | Found a shattered altar of Ashenzari.
  2213 | D:2      | Found a runed translucent door.
  2214 | D:2      | Noticed Crazy Yiuf
  2225 | D:2      | Paralysed by Crazy Yiuf for 3 turns
  2230 | D:2      | Killed Crazy Yiuf
  2230 | D:2      | Reached XP level 6. HP: 56/61 MP: 5/5
  2474 | D:3      | Found a shimmering altar of Xom.
  2712 | D:3      | Found a sacrificial altar of Ru.
  3055 | D:4      | Reached *** piety under Trog
  3472 | D:4      | Noticed Blork the orc
  3475 | D:4      | Noticed Grinder
  3475 | D:4      | Paralysed by Grinder for 6 turns
  3486 | D:4      | Killed Blork the orc
  3486 | D:4      | Reached XP level 7. HP: 57/67 MP: 6/6
  3498 | D:4      | Killed Grinder
  3498 | D:4      | Reached skill level 7 in Axes
  3635 | D:5      | Entered Level 5 of the Dungeon
  3673 | D:5      | Found a shimmering altar of Xom.
  3686 | D:5      | Reached skill level 5 in Armour
  3845 | D:5      | Reached skill level 8 in Axes
  3925 | D:5      | Reached XP level 8. HP: 67/78 MP: 7/7
  3995 | D:5      | Found a blossoming altar of Fedhas.
  4212 | D:5      | Reached skill level 5 in Dodging
  4359 | D:5      | Upgraded the game from 0.24-a0-342-gad4687c37d to
                  | 0.24-a0-346-ge062c78e24
  4746 | D:5      | Reached skill level 9 in Axes
  4861 | D:6      | Found an ornate altar of the Wu Jian Council.
  4972 | D:6      | Found the amulet of Vitality {Regen+ HP+15}
  5111 | D:6      | Reached XP level 9. HP: 60/86 MP: 8/8
  5350 | D:6      | Reached **** piety under Trog
  5742 | D:6      | Reached skill level 10 in Axes
  6584 | D:7      | Found a staircase to the Ecumenical Temple.
  6606 | D:7      | Found a hide-covered altar of Uskayaw.
  6793 | D:7      | Found a burning altar of Makhleb.
  6835 | D:7      | Found an iron altar of Okawaru.
  7139 | Temple   | Entered the Ecumenical Temple
  7548 | D:8      | Reached skill level 11 in Axes
  7746 | D:8      | Found a basalt altar of Yredelemnul.
  7951 | D:9      | Identified a scroll of acquirement
  8026 | D:9      | Noticed a death yak
  8027 | D:9      | Noticed a death yak
  8029 | D:9      | Noticed a death yak
  8029 | D:9      | Noticed a death yak
  8029 | D:9      | Noticed a death yak
  8041 | D:9      | Killed a death yak
  8041 | D:9      | Reached XP level 10. HP: 94/99 MP: 9/9
  8046 | D:9      | Killed a death yak
  8050 | D:9      | Killed a death yak
  8050 | D:9      | Reached skill level 12 in Axes
  8053 | D:9      | Noticed a two-headed ogre
  8068 | D:9      | Killed a death yak
  8070 | D:9      | Slain by a death yak

Levels and vault maps discovered:
D:1:      nicolae_arrival_somewhat_less_tricky_arrival, layout_basic,
          chequers_decorated_corner, st_stairs_6
D:2:      layout_loops_ring, grunt_temple_overflow_cloverleaf, uniq_terence,
          uniq_crazy_yiuf_cottage, uniq_natasha
D:3:      layout_basic, nicolae_ru_great_annihilating_truth, lemuel_doored_altar
D:4:      layout_loops_corners, cheibrodos_sewer_entry_bend, first_ration,
          uniq_grinder, uniq_ijyb, uniq_blork_the_orc
D:5:      layout_gridville, basic_altar, fedhas_bush_and_centaur_altar
D:6:      layout_rooms, nicolae_overflow_hidden_temple, serial_bayou,
          serial_bayou_shore_b, serial_bayou_lagoon_a, serial_bayou_shore_b,
          serial_bayou_pond_d, minivault_25, minmay_misc_feat_alley
D:7:      layout_basic, eat_drink_and_be_merry_uskayaw,
          okawaru_altar_gauntlet_db, makhleb_blood_cavern_becter,
          minmay_temple_entry_overgrown
D:8:      layout_rooms, yredelemnul_altar_generic
D:9:      layout_rooms, marbit_many_paths, elyvilon_altar_4, dpeg_lair_monsters,
          uniq_harold
Temple:   kb_corrupted_temple

Skill      XL: |  1  2  3  4  5  6  7  8  9 10 |
---------------+-------------------------------+-----
Axes           | 4 5 6 8 9 11 12 | 12.5
Fighting       | 4 5 6 7 8 9 |  9.5
Armour         | 3 4 5 6 8 9 |  9.0
Dodging        | 3 4 5 7 8 |  8.1
Throwing       | |  0.2

Action                   |  1- 3 |  4- 6 |  7- 9 | 10-12 || total
-------------------------+-------+-------+-------+-------++-------
Melee: Hand axe          |    77 |   173 |   374 |       ||   624
       Headbutt          |     7 |    33 |   109 |    14 ||   163
       Battleaxe         |       |       |     7 |    24 ||    31
Throw: Stone             |     1 |    10 |    41 |       ||    52
       Boomerang         |       |       |    48 |       ||    48
Invok: Berserk           |     1 |     1 |     3 |       ||     5
       Trog's Hand       |       |     5 |     4 |       ||     9
Evoke: Wand              |       |       |     1 |       ||     1
  Use: Potion            |       |     3 |       |     1 ||     4
       Scroll            |       |       |    20 |       ||    20
 Stab: Paralysed         |       |     1 |       |       ||     1
  Eat: Chunk             |       |    11 |     8 |       ||    19
       Ration            |       |       |     3 |       ||     3
Armor: Animal skin       |     7 |       |       |       ||     7
       Plate armour      |    45 |   104 |   189 |     8 ||   346
Dodge: Dodged            |    32 |    50 |   136 |     7 ||   225

Table legend:
 A = Non-vault XP
 B = Vault XP
 C = Vault XP percentage of total XP
 D = Non-vault monster count
 E = Vault monster count
 F = Vault count percentage of total count
                 A         B        C        D         E       F
            +---------+---------+-------+---------+---------+-------
      Total |    4294 |    4774 |  52.6 |     184 |      27 |  12.8
            +---------+---------+-------+---------+---------+-------
        D:1 |      47 |       1 |   2.1 |      26 |       1 |   3.7
        D:2 |     130 |     113 |  46.5 |      22 |       3 |  12.0
        D:3 |      93 |      47 |  33.6 |      24 |       4 |  14.3
        D:4 |     195 |     409 |  67.7 |      11 |       4 |  26.7
        D:5 |    1020 |     118 |  10.4 |      25 |       1 |   3.8
        D:6 |    1028 |       0 |   0.0 |      27 |       0 |   0.0
        D:7 |     845 |     149 |  15.0 |      24 |       8 |  25.0
        D:8 |     936 |       0 |   0.0 |      25 |       0 |   0.0
        D:9 |       0 |    3937 | 100.0 |       0 |       6 | 100.0
            +---------+---------+-------+---------+---------+-------
